 Dungeon Crawl Stone Soup version 0.29.1-15-g9cfb28693d (webtiles) character file.

Game seed: 17422132263326095453

25 Eitelfritz the Slasher (level 2, 0/25 HPs)
             Began as a Minotaur Gladiator on Feb 24, 2023.
             Succumbed to a scorpion's poison
             ... on level 4 of the Dungeon.
             The game lasted 00:01:27 (1120 turns).

Eitelfritz the Slasher (Minotaur Gladiator)         Turns: 1120, Time: 00:01:28

Health: 0/25       AC:  6    Str: 18    XL:     2   Next: 86%
Magic:  1/1        EV: 10    Int:  5    God:
Gold:   23         SH:  0    Dex: 11    Spells: 1/1 levels left

rFire   . . .      SeeInvis .   a - +0 long sword
rCold   . . .      Faith    .   (no shield)
rNeg    . . .      Spirit   .   o - +0 scale mail
rPois   .          Reflect  .   c - +0 hat
rElec   .          Harm     .   (no cloak)
rCorr   .          Rampage  .   (no gloves)
Will    .....                   (no boots)
Stlth   ..........              (no amulet)
HPRegen 0.08/turn               (no ring)
MPRegen 0.07/turn               (no ring)

@: lethally poisoned (0 -> -6)
A: horns 2, retaliatory headbutt
a: no special abilities


You were on level 4 of the Dungeon.
You visited 1 branch of the dungeon, and saw 3 of its levels.

You collected 23 gold pieces.

Inventory:

Hand Weapons
 a - a +0 long sword (weapon)
Missiles
 d - 5 throwing nets (quivered)
 e - a javelin
Armour
 c - a +0 hat (worn)
 o - a +0 scale mail (worn)
Jewellery
 m - a +6 ring of intelligence
Scrolls
 j - a scroll of silence {unknown}
 l - a scroll of identify {unknown}
 p - a scroll of blinking {unknown}
 q - a scroll of immolation {unknown}
Potions
 f - a potion of haste {unknown}
 g - a potion of brilliance {unknown}
 h - a potion of flight {unknown}
 i - a potion of curing {unknown}
 k - a potion of degeneration {unknown}
 n - a potion of heal wounds {unknown}


   Skills:
 + Level 2.4 Fighting
 + Level 4.4 Long Blades
 + Level 2.1 Throwing
 + Level 0.1 Armour
 + Level 3.6 Dodging
 + Level 0.1 Stealth


You had one spell level left.
You didn't know any spells.
Your spell library was empty.

Dungeon Overview and Level Annotations

Branches:
Dungeon (2/15)             Temple (0/1) D:4

Altars:

Annotations:
D:4 Dowan, Natasha


Innate Abilities, Weirdness & Mutations

You have a pair of horns on your head.
You reflexively headbutt those who attack you in melee.


Message History

You barely miss the endoplasm.
The endoplasm is moderately wounded.
The endoplasm closely misses you.
You hit the endoplasm.
You kill the endoplasm!
Dowan gestures wildly while chanting.
Dowan blinks!
A scorpion comes into view.
Okay, then.
Unknown command.
As you read the scroll labelled ROANOT BIZXAGE, it crumbles to dust.
You feel aware of your surroundings.
It was a scroll of magic mapping.
The scorpion stings you.
You are poisoned.
The scorpion poisons you! The ball python closely misses you.
You furiously retaliate!
You headbutt the ball python. The ball python barely misses you.
You feel very sick. The scorpion stings you.
The scorpion attacks as you move away! The scorpion stings you.
The ball python attacks as you move away!
The ball python closely misses you. You furiously retaliate!
You headbutt the ball python!
You kill the ball python!
* * * LOW HITPOINT WARNING * * *
You feel very sick.
Natasha, Servant of Life and Death comes into view.
She is carrying a wand of polymorph (6).
* * * LOW HITPOINT WARNING * * *
You feel sick.
Natasha stares at you and mumbles some strange words.
The magic dart hits you.
* * * LOW HITPOINT WARNING * * *
The scorpion closely misses you. The scorpion attacks as you move away!
The scorpion closely misses you.
* * * LOW HITPOINT WARNING * * *
You feel sick.
Dowan gestures wildly while chanting.
Dowan blinks!
You closely miss Dowan.
You die...

####*** #.h..,* #....,* ####
#.....* #... ***#.....######
#... *,,+..........######
#...
*,*#.....e@s......$#####...
*,*#####.###.ยง.###.#.......
***,*** #...................
*,,,,,****##.#...###.#.......
*,,,,,,,,,...........#####...
*,,,,,**,....#..###.e........
*,,,,,,,.###.#..#*#.#########
*,,,,,>>,,,.,.......*********
*,,,,,,**,,,,**..=..,,,,,,,**


You could see Dowan, a scorpion and Natasha.

Vanquished Creatures
  A dart slug (D:1)
  2 endoplasms
  3 giant cockroaches
  A hobgoblin (D:1)
  2 kobolds (D:1)
  A quokka (D:1)
  3 ball pythons
  5 bats (D:1)
  A frilled lizard (D:1)
  A goblin (D:1)
  3 rats
23 creatures vanquished.

Notes
Turn   | Place    | Note
-------+----------+-------------------------------------------
     0 | D:1      | Eitelfritz the Minotaur Gladiator began the quest for the
                  | Orb.
     0 | D:1      | Reached XP level 1. HP: 18/18 MP: 0/0
   210 | D:1      | Reached XP level 2. HP: 25/25 MP: 1/1
   232 | D:1      | Reached skill level 4 in Long Blades
  1088 | D:2      | You fall into a shaft and drop 2 floors!
  1101 | D:4      | Noticed Dowan
  1112 | D:4      | Noticed a scorpion
  1118 | D:4      | Noticed Natasha
  1120 | D:4      | Succumbed to a scorpion's poison

Illustrated notes

Levels and vault maps discovered:
D:1:      lightli_arrival_chessboard, layout_basic
D:2:      layout_loops_ring, uniq_robin
D:4:      layout_basic, minmay_temple_entry_ruins, uniq_blork_the_orc,
          uniq_duvessa, uniq_natasha, uniq_eustachio

Skill      XL: |  1  2 |
---------------+-------+-----
Long Blades    | 4 |  4.4
Fighting       | |  2.4
Throwing       | |  2.1
Armour         | |  0.1
Dodging        | |  3.6
Stealth        | |  0.1

Action                   || total
-------------------------++-------
Melee: Long sword        ||    31
       Headbutt          ||     4
  Use: Scroll            ||     1
Armor: Leather armour    ||     6
       Scale mail        ||     1
Dodge: Dodged            ||    28
